 Dungeon Crawl Stone Soup version 0.27.1-1-g398f81649c (webtiles) character file.

Game seed: 6589405378795384734

74105 MisterFreud the Blocker (level 15, -3/120 HPs)
             Began as a Gnoll Fighter on Sept 17, 2021.
             Was the Champion of Nemelex Xobeh.
             Slain by a large abomination (12 damage)
             ... on level 2 of the Abyss.
             The game lasted 00:59:53 (31928 turns).

MisterFreud the Blocker (Gnoll Fighter)            Turns: 31928, Time: 00:59:53

Health: -3/120     AC: 14    Str: 23    XL:     15   Next: 45%
Magic:  29/29      EV: 12    Int: 13    God:    Nemelex Xobeh [******]
Gold:   1069       SH: 14    Dex: 11    Spells: 26/34 levels left

rFire    + + .     SeeInvis +   H - +4 morningstar (venom)
rCold    . . .     Faith    .   c - +1 kite shield
rNeg     . . .     Spirit   .   L - +0 fire dragon scales
rPois    .         Reflect  .   S - +1 hat {SInv}
rElec    .         Harm     .   E - +0 cloak
rCorr    +         Rampage  .   (no gloves)
Will     .....                  (no boots)
Stlth    +++.......             x - amulet of the acrobat
HPRegen  0.30/turn              r - ring of resist corrosion
MPRegen  0.21/turn              R - ring "Iqyu" {Wiz rC+ Will- Str+6}

@: no status effects
A: fangs 1, strong nose, distributed training
a: Renounce Religion, Draw Escape, Draw Destruction, Draw Summoning, Triple
Draw, Deal Four, Stack Five


You were on level 2 of the Abyss.
You worshipped Nemelex Xobeh.
Nemelex Xobeh was exalted by your worship.
You visited 2 branches of the dungeon, and saw 20 of its levels.
You visited the Abyss 1 time.

You collected 1286 gold pieces.
You spent 217 gold pieces at shops.

Inventory:

Hand Weapons
 F - the +8 hand axe of Nenuod {vorpal, Fly Dex+3}
   (You found it on level 6 of the Lair of Beasts)

   It inflicts extra damage upon your enemies.
   Dex:       It affects your dexterity (+3).
   Fly:       It grants you flight.
 H - a +4 morningstar of venom (weapon)
Missiles
 e - 6 silver javelins
 t - 16 boomerangs (quivered)
 B - 8 curare-tipped darts
 Y - 38 poisoned darts
Armour
 c - a +1 kite shield (worn)
 v - a +2 helmet
 E - a +0 cloak (worn)
 L - +0 fire dragon scales (worn)
 S - a +1 hat of see invisible (worn)
Jewellery
 b - a ring of wizardry
 h - a ring of ice
 r - a ring of resist corrosion (left hand)
 x - an amulet of the acrobat (around neck)
 y - a ring of positive energy
 O - a +6 ring of strength
 Q - an amulet of regeneration
 R - the ring "Iqyu" (right hand) {Wiz rC+ Will- Str+6}
   (You acquired it on level 4 of the Lair of Beasts)

   [ring of wizardry]

   It improves your spell success rate.
   Str:       It affects your strength (+6).
   rC:        It protects you from cold.
   Will:      It decreases your willpower.
 Z - a ring of protection from fire
Wands
 l - a wand of flame (18)
 s - a wand of polymorph (11)
 G - a wand of iceblast (41)
 T - a wand of charming (5)
Scrolls
 a - a scroll of holy word
 f - 8 scrolls of fog
 g - 6 scrolls of magic mapping
 i - 2 scrolls of summoning
 k - 6 scrolls of teleportation
 m - 3 scrolls of immolation
 n - 3 scrolls of amnesia
 z - 2 scrolls of enchant weapon
 A - 2 scrolls of identify
 C - 3 scrolls of blinking
 D - 3 scrolls of fear
 P - a scroll of enchant armour
 U - a scroll of silence
 V - a scroll of brand weapon
Potions
 d - 2 potions of might
 j - a potion of mutation
 o - 5 potions of flight
 p - 4 potions of attraction
 q - a potion of berserk rage
 u - 4 potions of haste
 w - 3 potions of magic
 I - 4 potions of cancellation
 K - 3 potions of heal wounds
 M - a potion of resistance
 N - a potion of curing
 W - 2 potions of ambrosia
 X - 2 potions of invisibility
Miscellaneous
 J - a tin of tremorstones (inert)


   Skills:
 + Level 11.8 Fighting
 + Level 11.0 Short Blades
 + Level 10.0 Long Blades
 + Level 10.0 Axes
 + Level 10.0 Maces & Flails
 + Level 10.0 Polearms
 + Level 10.0 Staves
 + Level 10.0 Slings
 + Level 10.0 Bows
 + Level 10.0 Crossbows
 + Level 10.0 Throwing
 + Level 11.8 Armour
 + Level 10.0 Dodging
 + Level 10.0 Stealth
 + Level 11.8 Shields
 + Level 10.0 Unarmed Combat
 + Level 10.0 Spellcasting
 + Level 8.5 Conjurations
 + Level 8.5 Hexes
 + Level 8.5 Summonings
 + Level 8.5 Necromancy
 + Level 8.5 Translocations
 + Level 8.5 Transmutations
 + Level 8.5 Fire Magic
 + Level 8.5 Ice Magic
 + Level 8.5 Air Magic
 + Level 8.5 Earth Magic
 + Level 8.5 Poison Magic
 + Level 10.9 Invocations
 + Level 10.0 Evocations


You had 26 spell levels left.
You knew the following spells:

 Your Spells              Type           Power      Damage    Failure   Level
a - Blink                 Tloc           N/A        N/A       1%          2
b - Frozen Ramparts       Ice            56%        1d7       1%          3
c - Mephitic Cloud        Conj/Pois/Air  28%        N/A       1%          3

Your spell library contained the following spells:

 Spells                   Type           Power      Damage    Failure   Level
 Freeze                   Ice            100%       1d11      1%          1
 Magic Dart               Conj           100%       1d8       1%          1
 Sandblast                Erth           56%        2d13      1%          1
 Call Imp                 Summ           28%        N/A       1%          2
 Passwall                 Tmut/Erth      23%        N/A       1%          2
 Searing Ray              Conj           56%        3d5       1%          2
 Slow                     Hex            28%        N/A       1%          2
 Confusing Touch          Hex            28%        N/A       1%          3
 Lesser Beckoning         Tloc           14%        N/A       1%          3
 Vampiric Draining        Necr           14%        2d8       1%          3
 Fulminant Prism          Conj/Hex       14%        3d9       4%          4
 Hailstorm                Conj/Ice       28%        3d8       4%          4
 Iskenderun's Battlesphe  Conj           28%        2d8       14%         5
 Lee's Rapid Deconstruct  Erth           14%        3d10*     14%         5
 Manifold Assault         Tloc           28%        N/A       14%         5
 Iron Shot                Conj/Erth      14%        9d4       56%         6
 Spellforged Servitor     Conj/Summ      14%        N/A       98%         7


Dungeon Overview and Level Annotations

Branches:
Dungeon (14/15)            Temple (0/1) D:7            Lair (6/6) D:10
 Shoals (0/4) Lair:2        Snake (0/4) Lair:3        Slime (0/5) Lair:6
    Orc (0/2) D:11         Vaults (0/5) D:14

Altars:
Dithmenos
Gozag
Kikubaaqudgha
Makhleb
Nemelex Xobeh
Trog
Vehumet
Wu Jian
Zin
The Shining One
Beogh
Jiyva

Shops:
D:5 (?   D:8 [   D:10 *

Annotations:
Lair:6 1 runed translucent door, exclusion: oklob plant


Innate Abilities, Weirdness & Mutations

You have very sharp teeth.
Your uncanny sense of smell can sniff out nearby items.
Your experience applies equally to all skills.


Message History

The large abomination is lost in a daze.
Unknown command.
Unknown command.
Unknown command.
You draw a card...
You have drawn Pain.
Press: ? - help, Shift-Dir - straight line, f/p - large abomination
Aim: a large abomination (moderately damaged, dazed)
The bolt of negative energy misses the large abomination.
The large abomination misses you.
Unknown command.
You hit the large abomination but do no damage.
The large abomination is moderately damaged.
You block the large abomination's attack.
You barely miss the large abomination.
The large abomination is moderately damaged.
You block the large abomination's attack.
You hit the large abomination.
The large abomination is heavily damaged.
You block the large abomination's attack.
You hit the large abomination but do no damage.
The large abomination is heavily damaged.
The large abomination closely misses you.
Your shield and fire dragon scales prevent you from hitting the large abomination.
The large abomination is heavily damaged.
The large abomination hits you!!
* * * LOW HITPOINT WARNING * * *
You hit the large abomination but do no damage.
The large abomination is heavily damaged.
The large abomination misses you.
Unknown command.
You hit the large abomination.
The large abomination is heavily damaged.
The large abomination is no longer dazed.
You block the large abomination's attack.
You puncture the large abomination!
The large abomination is severely damaged.
The large abomination hits you!
You die...
Your body glows with a rainbow of weird colours and disappears.

# .#..
.#.## .#≈#
.# #. .###.
#... ..
#.##
...#.#..##
#.. #..#
##..###. .
#≈ .
#..##..#
### . # #
#...###.# .
. ##.#.#
..## . #
#..#.#....#
##..#
#.#.@X#
.###...# .
###.# # .#
.. .


You could see a large abomination.

Vanquished Creatures
  Gastronok (Lair:1)
  2 dire elephants
  Nessos (Lair:6)
  9 hydras
  2 great orbs of eyes
  3 vault guards (D:14)
  3 boulder beetles
  A catoblepas (Lair:2)
  An anaconda (Lair:4)
  5 two-headed ogres
  3 tengu warriors
  Sonja (Lair:1)
  A death drake (Lair:5)
  2 lindwurms (Lair:6)
  A deep elf pyromancer (D:14)
  A manticore (D:13)
  3 cyclopes
  2 ugly things
  12 elephants
  A moth of wrath (Lair:5)
  A merfolk siren (Lair:2)
  5 black mambas
  2 gargoyles
  5 torpor snails (Lair:6)
  14 cane toads
  5 komodo dragons
  4 rime drakes
  A tengu conjurer (D:14)
  A troll (D:13)
  A merfolk (Lair:2)
  A meliai (Lair:4)
  9 blink frogs
  8 hornets
  3 tyrant leeches (Lair:6)
  5 slime creatures (D:12)
  A snapping turtle (Lair:1)
  14 dream sheep
  Sigmund (D:5)
  A spriggan (D:10)
  6 wyverns
  A centaur simulacrum (D:14)
  3 wraiths
  36 yaks
  A vampire (D:10)
  A steam dragon (Lair:4)
  Eustachio (D:5)
  4 basilisks
  5 vampire mosquitoes
  An acid dragon (D:12)
  3 wargs (D:11)
  A floating eye (Lair:5)
  21 water moccasins
  A large abomination (Abyss:2)
  A swamp drake (Lair:4)
  5 orc warriors
  2 ice beasts
  A boggart (D:14)
  18 wolves
  2 centaurs
  2 phantoms (D:4)
  Blork the orc (D:5)
  13 bullfrogs
  A gnoll sergeant (D:9)
  7 scorpions
  10 killer bees
  10 wights
  6 electric eels (D:7)
  A howler monkey (Lair:4)
  A crimson imp (D:10)
  5 centaur zombies
  3 hounds
  A bullfrog zombie (D:5)
  2 orc priests
  A gnoll shaman (D:10)
  An iron imp (Abyss:2)
  2 bullfrog skeletons
  Natasha (twice) (D:4)
  7 hell rats
  A scorpion zombie (D:5)
  An iguana (D:7)
  9 orc wizards
  A hound skeleton (D:5)
  A howler monkey zombie (D:9)
  7 adders
  12 gnolls
  2 howler monkey skeletons
  A river rat (Lair:1)
  A shadow imp (D:5)
  12 white imps (D:12)
  An ufetubus (D:7)
  2 worms
  10 dart slugs
  38 orcs
  5 endoplasms
  4 giant cockroaches
  6 goblins
  3 hobgoblins
  4 jackals (D:1)
  5 kobolds
  5 quokkas
  6 ball pythons
  5 bats
  A frilled lizard (D:1)
  4 rats
474 creatures vanquished.

Vanquished Creatures (collateral kills)
  2 dire elephants
  2 hydras
  A catoblepas (Lair:6)
  A tengu warrior (D:14)
  A lindwurm (Lair:6)
  2 manticores (Lair:6)
  An elephant (Lair:3)
  4 black mambas
  2 cane toads
  2 rime drakes (Lair:6)
  An efreet (D:14)
  A basilisk (Lair:3)
  3 yaks
  A water moccasin (Lair:3)
  4 orc warriors
  A sky beast (D:7)
  A bullfrog (Lair:3)
  6 wights
  2 orc priests (D:9)
  An orc wizard (D:7)
  An orc (D:7)
40 creatures vanquished.

Vanquished Creatures (others)
  A wolf (Lair:4)
  A white imp (D:7)
  An orc (D:8)
  3 bushes (Lair:6)
  60 fungi
  196 plants
262 creatures vanquished.

Grand Total: 776 creatures vanquished

Notes
Turn   | Place    | Note
-------+----------+-------------------------------------------
     0 | D:1      | MisterFreud the Gnoll Fighter began the quest for the Orb.
     0 | D:1      | Reached XP level 1. HP: 23/23 MP: 1/1
    57 | D:1      | Reached XP level 2. HP: 20/29 MP: 2/2
   335 | D:1      | Reached XP level 3. HP: 35/35 MP: 3/3
   651 | D:2      | Found a bloodstained altar of Trog.
   724 | D:2      | Reached skill level 1 in Invocations
   745 | D:2      | Reached skill level 1 in Long Blades
   745 | D:2      | Reached skill level 1 in Axes
   745 | D:2      | Reached skill level 1 in Maces & Flails
   745 | D:2      | Reached skill level 1 in Polearms
   745 | D:2      | Reached skill level 1 in Staves
   745 | D:2      | Reached skill level 1 in Slings
   745 | D:2      | Reached skill level 1 in Bows
   745 | D:2      | Reached skill level 1 in Crossbows
   745 | D:2      | Reached skill level 1 in Throwing
   745 | D:2      | Reached skill level 1 in Dodging
   745 | D:2      | Reached skill level 1 in Stealth
   745 | D:2      | Reached skill level 1 in Unarmed Combat
   745 | D:2      | Reached skill level 1 in Spellcasting
   745 | D:2      | Reached skill level 1 in Evocations
  1016 | D:2      | Reached XP level 4. HP: 41/41 MP: 5/5
  1640 | D:3      | Found a sparkling altar of Nemelex Xobeh.
  1820 | D:3      | Became a worshipper of Nemelex Xobeh the Trickster
  1862 | D:4      | Noticed a phantom
  1886 | D:4      | Killed a phantom
  1887 | D:4      | Reached skill level 1 in Conjurations
  1887 | D:4      | Reached skill level 1 in Hexes
  1887 | D:4      | Reached skill level 1 in Summonings
  1887 | D:4      | Reached skill level 1 in Necromancy
  1887 | D:4      | Reached skill level 1 in Translocations
  1887 | D:4      | Reached skill level 1 in Transmutations
  1887 | D:4      | Reached skill level 1 in Fire Magic
  1887 | D:4      | Reached skill level 1 in Ice Magic
  1887 | D:4      | Reached skill level 1 in Air Magic
  1887 | D:4      | Reached skill level 1 in Earth Magic
  1887 | D:4      | Reached skill level 1 in Poison Magic
  1887 | D:4      | Reached XP level 5. HP: 18/47 MP: 5/7
  2339 | D:4      | Noticed a phantom
  2360 | D:4      | Killed a phantom
  2361 | D:4      | Reached XP level 6. HP: 13/53 MP: 8/8
  2726 | D:4      | Noticed Natasha
  2739 | D:4      | Killed Natasha
  2857 | D:4      | Noticed Natasha
  2863 | D:4      | Killed Natasha
  2864 | D:4      | Reached skill level 5 in Short Blades
  2946 | D:4      | Found a glowing silver altar of Zin.
  3034 | D:5      | Entered Level 5 of the Dungeon
  3062 | D:5      | Noticed a water moccasin
  3081 | D:5      | Killed a water moccasin
  3082 | D:5      | Reached XP level 7. HP: 6/59 MP: 10/10
  3468 | D:5      | HP: 3/60 [poisoned by a scorpion]
  3886 | D:5      | Reached * piety under Nemelex Xobeh
  3960 | D:5      | Found Zeth's Weapon Shop.
  3988 | D:5      | Noticed Blork the orc
  4006 | D:5      | Killed Blork the orc
  4156 | D:5      | Noticed Sigmund
  4167 | D:5      | Killed Sigmund
  4168 | D:5      | Reached XP level 8. HP: 58/67 MP: 10/12
  4247 | D:5      | Received a gift from Nemelex Xobeh
  4632 | D:5      | Noticed Eustachio
  4673 | D:5      | Killed Eustachio
  4919 | D:5      | Found Xarurgh's Magic Scroll Shoppe.
  4929 | D:5      | Bought a scroll of blinking for 82 gold pieces
  4929 | D:5      | Bought a scroll of identify for 22 gold pieces
  4929 | D:5      | Bought a scroll of fog for 22 gold pieces
  4929 | D:5      | Bought 3 scrolls of fog for 66 gold pieces
  5446 | D:6      | Found an opulent altar of Gozag.
  5446 | D:6      | Found an ornate altar of the Wu Jian Council.
  5446 | D:6      | Found an ancient bone altar of Kikubaaqudgha.
  5487 | D:6      | Found a shadowy altar of Dithmenos.
  5674 | D:6      | Reached ** piety under Nemelex Xobeh
  5940 | D:7      | Received a gift from Nemelex Xobeh
  6180 | D:7      | Reached XP level 9. HP: 40/73 MP: 14/14
  7283 | D:7      | Received a gift from Nemelex Xobeh
  7322 | D:7      | Found a staircase to the Ecumenical Temple.
  7658 | D:7      | Reached skill level 5 in Invocations
  8371 | D:8      | Reached *** piety under Nemelex Xobeh
  8544 | D:8      | Reached XP level 10. HP: 72/79 MP: 17/17
  8743 | D:8      | Found Berhy's Antique Armour Shoppe.
  8850 | D:8      | Found a glowing golden altar of the Shining One.
  9158 | D:7      | Reached skill level 5 in Long Blades
  9158 | D:7      | Reached skill level 5 in Axes
  9158 | D:7      | Reached skill level 5 in Maces & Flails
  9158 | D:7      | Reached skill level 5 in Polearms
  9158 | D:7      | Reached skill level 5 in Staves
  9158 | D:7      | Reached skill level 5 in Slings
  9158 | D:7      | Reached skill level 5 in Bows
  9158 | D:7      | Reached skill level 5 in Crossbows
  9158 | D:7      | Reached skill level 5 in Throwing
  9158 | D:7      | Reached skill level 5 in Dodging
  9158 | D:7      | Reached skill level 5 in Stealth
  9158 | D:7      | Reached skill level 5 in Unarmed Combat
  9158 | D:7      | Reached skill level 5 in Spellcasting
  9158 | D:7      | Reached skill level 5 in Evocations
 10862 | D:9      | Reached **** piety under Nemelex Xobeh
 10921 | D:9      | Received a gift from Nemelex Xobeh
 11329 | D:10     | Entered Level 10 of the Dungeon
 11375 | D:10     | Found a burning altar of Makhleb.
 11375 | D:10     | Found a radiant altar of Vehumet.
 11500 | D:10     | Received a gift from Nemelex Xobeh
 11547 | D:10     | You fall into a shaft and drop 2 floors!
 11547 | D:12     | Noticed a gargoyle
 11590 | D:12     | Noticed a two-headed ogre
 11593 | D:12     | Killed a two-headed ogre
 11645 | D:12     | Found an opulent altar of Gozag.
 11867 | D:12     | Found a frozen archway.
 11939 | D:11     | Received a gift from Nemelex Xobeh
 11984 | D:11     | Noticed a cyclops
 12139 | D:10     | Reached XP level 11. HP: 87/87 MP: 19/19
 12189 | D:10     | Reached ***** piety under Nemelex Xobeh
 12691 | D:10     | Found a staircase to the Lair.
 12727 | D:10     | Received a gift from Nemelex Xobeh
 12776 | D:10     | Reached skill level 5 in Conjurations
 12776 | D:10     | Reached skill level 5 in Hexes
 12776 | D:10     | Reached skill level 5 in Summonings
 12776 | D:10     | Reached skill level 5 in Necromancy
 12776 | D:10     | Reached skill level 5 in Translocations
 12776 | D:10     | Reached skill level 5 in Transmutations
 12776 | D:10     | Reached skill level 5 in Fire Magic
 12776 | D:10     | Reached skill level 5 in Ice Magic
 12776 | D:10     | Reached skill level 5 in Air Magic
 12776 | D:10     | Reached skill level 5 in Earth Magic
 12776 | D:10     | Reached skill level 5 in Poison Magic
 12786 | D:10     | Learned a level 2 spell: Blink
 12790 | D:10     | Learned a level 3 spell: Frozen Ramparts
 13049 | D:10     | Learned a level 3 spell: Mephitic Cloud
 13304 | D:10     | Found Gegguk's Serpentskin Sales.
 13309 | D:10     | Bought 3 curare-tipped darts for 25 gold pieces
 13360 | D:11     | Noticed a cyclops
 13367 | D:11     | Killed a cyclops
 13555 | D:11     | Received a gift from Nemelex Xobeh
 13575 | D:11     | Killed a cyclops
 13662 | D:11     | Found a staircase to the Orcish Mines.
 13960 | D:11     | Noticed a two-headed ogre
 14028 | Lair:1   | Entered Level 1 of the Lair of Beasts
 14255 | Lair:1   | Noticed Nergalle
 14264 | Lair:1   | Noticed Nergalle
 14264 | Lair:1   | Nergalle changed into Nergalle the snapping turtle
 14550 | Lair:1   | Killed Nergalle the snapping turtle
 14739 | Lair:1   | Noticed Gastronok
 14751 | Lair:1   | Killed Gastronok
 14872 | Lair:1   | Received a gift from Nemelex Xobeh
 15079 | Lair:1   | Noticed Sonja
 15083 | Lair:1   | Noticed a six-headed hydra
 15120 | Lair:1   | Killed Sonja
 15589 | Lair:1   | Received a gift from Nemelex Xobeh
 15700 | Lair:1   | Killed a six-headed hydra
 15779 | Lair:1   | Received a gift from Nemelex Xobeh
 16088 | Lair:2   | Reached XP level 12. HP: 61/96 MP: 22/22
 16514 | Lair:2   | Noticed a catoblepas
 16532 | Lair:2   | Killed a catoblepas
 17282 | Lair:2   | Received a gift from Nemelex Xobeh
 17581 | Lair:2   | You fall into a shaft and drop 2 floors!
 17581 | Lair:4   | Noticed a four-headed hydra
 17591 | Lair:4   | Killed a four-headed hydra
 17850 | Lair:4   | Received a gift from Nemelex Xobeh
 18357 | Lair:4   | Noticed a seven-headed hydra
 18366 | Lair:4   | Noticed an anaconda
 18366 | Lair:4   | a seven-headed hydra changed into an anaconda
 18377 | Lair:4   | Killed an anaconda
 18378 | Lair:4   | Reached skill level 10 in Fighting
 18378 | Lair:4   | Reached skill level 10 in Armour
 18378 | Lair:4   | Reached skill level 10 in Shields
 18583 | Lair:4   | HP: 2/97 [cane toad (18)]
 18591 | Lair:4   | HP: 1/97 [cane toad (14)]
 18596 | Lair:4   | HP: 1/97 [poisoned by a cane toad]
 19332 | Lair:3   | Found a staircase to the Snake Pit.
 19377 | Lair:4   | HP: 3/97 [elephant (2)]
 19383 | Lair:4   | Reached XP level 13. HP: 30/103 MP: 24/24
 19883 | Lair:3   | Received a gift from Nemelex Xobeh
 20563 | Lair:2   | Found a staircase to the Shoals.
 21714 | Lair:3   | You fall into a shaft and drop 1 floor!
 21722 | Lair:4   | Noticed a great orb of eyes
 21722 | Lair:4   | a catoblepas changed into a great orb of eyes
 21728 | Lair:4   | Killed a great orb of eyes
 22161 | Lair:4   | Received a gift from Nemelex Xobeh
 22163 | Lair:4   | Identified a scroll of acquirement
 22164 | Lair:4   | Acquired the ring "Iqyu" {Wiz rC+ Will- Str+6}
 23251 | Lair:5   | Noticed Rupert
 23264 | Lair:5   | Paralysed by Rupert for 5 turns
 23270 | Lair:5   | Noticed Rupert
 23270 | Lair:5   | Rupert changed into Rupert the dire elephant
 23276 | Lair:5   | Killed Rupert the dire elephant
 23441 | Lair:5   | Received a gift from Nemelex Xobeh
 23608 | Lair:5   | Reached ****** piety under Nemelex Xobeh
 23658 | Lair:5   | Received a gift from Nemelex Xobeh
 24010 | Lair:6   | Entered Level 6 of the Lair of Beasts
 24088 | Lair:6   | Reached XP level 14. HP: 96/111 MP: 26/26
 24371 | Lair:6   | Reached skill level 10 in Short Blades
 24399 | Lair:6   | Noticed a dire elephant
 24410 | Lair:6   | Killed a dire elephant
 24554 | Lair:6   | Noticed Nessos
 24573 | Lair:6   | Killed Nessos
 25108 | Lair:6   | Received a gift from Nemelex Xobeh
 25795 | Lair:6   | Found a viscous altar of Jiyva.
 25795 | Lair:6   | Found a staircase to the Slime Pits.
 25927 | Lair:6   | Reached skill level 10 in Invocations
 26517 | Lair:6   | Received a gift from Nemelex Xobeh
 26581 | Lair:6   | Noticed a dire elephant
 26595 | Lair:6   | Killed a dire elephant
 26684 | Lair:6   | Identified the +8 hand axe of Nenuod {vorpal, Fly Dex+3}
 27010 | Lair:6   | Found a runed translucent door.
 27527 | Lair:6   | Paralysed by a hornet for 3 turns
 29081 | D:12     | Noticed a dire elephant
 29081 | D:12     | a six-headed hydra changed into a dire elephant
 29102 | D:12     | Killed a dire elephant
 29285 | D:12     | Received a gift from Nemelex Xobeh
 29634 | D:12     | Reached XP level 15. HP: 70/119 MP: 28/28
 30812 | D:13     | Received a gift from Nemelex Xobeh
 31636 | D:14     | Found a gate to the Vaults.
 31652 | D:14     | Reached skill level 10 in Long Blades
 31652 | D:14     | Reached skill level 10 in Axes
 31652 | D:14     | Reached skill level 10 in Maces & Flails
 31652 | D:14     | Reached skill level 10 in Polearms
 31652 | D:14     | Reached skill level 10 in Staves
 31652 | D:14     | Reached skill level 10 in Slings
 31652 | D:14     | Reached skill level 10 in Bows
 31652 | D:14     | Reached skill level 10 in Crossbows
 31652 | D:14     | Reached skill level 10 in Throwing
 31652 | D:14     | Reached skill level 10 in Dodging
 31652 | D:14     | Reached skill level 10 in Stealth
 31652 | D:14     | Reached skill level 10 in Unarmed Combat
 31652 | D:14     | Reached skill level 10 in Spellcasting
 31652 | D:14     | Reached skill level 10 in Evocations
 31829 | D:14     | Cast into level 2 of the Abyss (a wizard)
 31830 | Abyss:2  | Found a corrupted altar of Lugonu.
 31839 | Abyss:2  | Received a gift from Nemelex Xobeh
 31898 | Abyss:2  | Paralysed by a great orb of eyes for 3 turns
 31915 | Abyss:2  | HP: 5/120 [large abomination (33)]
 31928 | Abyss:2  | Slain by a large abomination

Illustrated notes

Levels and vault maps discovered:
D:1:      dpeg_arrival_line_fractal, layout_rooms, serial_park_tiny_1,
          minmay_misc_feat_chi
D:2:      layout_basic, basic_altar
D:3:      layout_basic, mainiacjoe_overflow_catwalk,
          mainiacjoe_overflow_chevrons, shapermc_ecumenical_altar_mp_vishouse
D:4:      layout_loops_ring, zin_statuary, minmay_hedge_maze,
          minmay_misc_feat_iff, uniq_natasha
D:5:      layout_loops_corners, serial_shops, nicolae_shop_waterfront,
          nicolae_shop_crystal, kennysheep_generic_room_8, uniq_blork_the_orc,
          uniq_eustachio, uniq_sigmund
D:6:      layout_basic, mainiacjoe_overflow_cross_hatched,
          gammafunk_temple_overflow_claw
D:7:      kennysheep_slugbush, layout_cave_pods,
          minmay_temple_entry_antechambers, serial_park, serial_park_square3
          [serial_park_minivault_5x5_7], serial_park_tiny_pond,
          serial_park_square3 [serial_park_minivault_5x5_7]
D:8:      layout_basic, nicolae_tso_carved_into_rock, special_room
          [special_room_orc], serial_bayou, serial_bayou_shore_b,
          serial_bayou_pond_d, serial_bayou_pond_a, serial_bayou_pond_a,
          nicolae_stop_n_shop_1, lemuel_old_faithful
D:9:      layout_basic, grunt_decor_arrowhead
D:10:     layout_stronghold, grunt_temple_overflow_lords_of_destruction,
          lair_entry_dummy, guppyfry_shop_venom
D:11:     layout_rooms, david_orc_1_choice
D:12:     layout_grid_maze, portal_ice_cave_entry_imps, grunt_gozag_breadcrumbs
D:13:     layout_loops_cross
D:14:     layout_loops_ring, lightli_vaults_fourway_checkpoint,
          roderic_lattice_octagonal_star, minivault_16, uniq_kirke
Lair:1:   layout_regular_city, uniq_nergalle, uniq_gastronok, uniq_sonja
Lair:2:   layout_roguey, elwin_shoals_entry_rooms, st_stairs_9
Lair:3:   layout_gridlike, minmay_snake_entry_six_corridors,
          lemuel_fruit_fields, infiniplex_staircase_pool_2
Lair:4:   layout_cave_pods
Lair:5:   layout_long_grid, guppyfry_lair_drakes, uniq_rupert
Lair:6:   hangedman_lair_in_review, layout_regular_city, wormcave,
          slime_altar_1, serial_forest, infiniplex_forest_end_2,
          infiniplex_forest_corner_1, infiniplex_forest_lined_3_way,
          infiniplex_forest_end_3, infiniplex_forest_clump_cross,
          infiniplex_forest_diagonal, infiniplex_forest_straight_2,
          hibernation_bobbens, uniq_nessos
Abyss:2:  base:
D:4

Skill      XL: |  1  2  3  4  5  6  7  8  9 10 11 12 13 14 15 |
---------------+----------------------------------------------+-----
Invocations    | 1 2 3 4 5 6 7 8 9 10 | 10.9
Long Blades    | 1 2 3 4 5 6 7 8 9 10 | 10.0
Axes           | 1 2 3 4 5 6 7 8 9 10 | 10.0
Maces & Flails | 1 2 3 4 5 6 7 8 9 10 | 10.0
Polearms       | 1 2 3 4 5 6 7 8 9 10 | 10.0
Staves         | 1 2 3 4 5 6 7 8 9 10 | 10.0
Slings         | 1 2 3 4 5 6 7 8 9 10 | 10.0
Bows           | 1 2 3 4 5 6 7 8 9 10 | 10.0
Crossbows      | 1 2 3 4 5 6 7 8 9 10 | 10.0
Throwing       | 1 2 3 4 5 6 7 8 9 10 | 10.0
Dodging        | 1 2 3 4 5 6 7 8 9 10 | 10.0
Stealth        | 1 2 3 4 5 6 7 8 9 10 | 10.0
Unarmed Combat | 1 2 3 4 5 6 7 8 9 10 | 10.0
Spellcasting   | 1 2 3 4 5 6 7 8 9 10 | 10.0
Evocations     | 1 2 3 4 5 6 7 8 9 10 | 10.0
Conjurations   | 1 2 3 4 5 6 7 8 |  8.5
Hexes          | 1 2 3 4 5 6 7 8 |  8.5
Summonings     | 1 2 3 4 5 6 7 8 |  8.5
Necromancy     | 1 2 3 4 5 6 7 8 |  8.5
Translocations | 1 2 3 4 5 6 7 8 |  8.5
Transmutations | 1 2 3 4 5 6 7 8 |  8.5
Fire Magic     | 1 2 3 4 5 6 7 8 |  8.5
Ice Magic      | 1 2 3 4 5 6 7 8 |  8.5
Air Magic      | 1 2 3 4 5 6 7 8 |  8.5
Earth Magic    | 1 2 3 4 5 6 7 8 |  8.5
Poison Magic   | 1 2 3 4 5 6 7 8 |  8.5
Short Blades   | 5 6 7 8 9 10 11 | 11.0
Fighting       | 7 8 9 10 11 | 11.8
Armour         | 7 8 9 10 11 | 11.8
Shields        | 7 8 9 10 11 | 11.8

Action                   |  1- 3 |  4- 6 |  7- 9 | 10-12 | 13-15 || total
-------------------------+-------+-------+-------+-------+-------++-------
Melee: Rapier            |    85 |   138 |   425 |   176 |       ||   824
       Bite              |     5 |    17 |    36 |    73 |    94 ||   225
       Morningstar       |       |       |       |   482 |   713 ||  1195
Throw: Boomerang         |       |       |     5 |     3 |       ||     8
       Dart              |       |       |       |     1 |     6 ||     7
 Cast: Frozen Ramparts   |       |       |       |     5 |    15 ||    20
       Blink             |       |       |       |     1 |       ||     1
Invok: Draw Destruction  |       |       |     9 |    24 |    36 ||    69
       Draw Summoning    |       |       |     2 |     9 |     7 ||    18
       Triple Draw       |       |       |       |     1 |     2 ||     3
       Draw Escape       |       |       |       |     4 |       ||     4
       Deal Four         |       |       |       |     1 |     2 ||     3
Evoke: Wand              |       |     3 |    10 |     6 |     5 ||    24
       Tin of tremorston |       |       |       |       |     7 ||     7
  Use: Scroll            |       |       |       |    22 |    10 ||    32
       Potion            |       |       |       |     9 |     3 ||    12
 Stab: Sleeping          |       |       |       |     7 |     7 ||    14
       Distracted        |       |       |       |     3 |     2 ||     5
       Confused          |       |       |       |     1 |       ||     1
Armor: Scale mail        |    40 |    33 |    61 |       |       ||   134
       Leather armour    |       |       |    72 |   231 |    26 ||   329
       Skin              |       |       |       |     1 |       ||     1
       Fire dragon scale |       |       |       |       |   210 ||   210
Dodge: Dodged            |    25 |    29 |   208 |   381 |   379 ||  1022
Block: Kite shield       |    40 |    66 |   204 |   515 |   573 ||  1398
